 Dungeon Crawl Stone Soup version 0.29-a0-719-g0fec994a2d (webtiles) character file.

Game seed: 2749701901316293798

16 CrazyBamboolord the Shooter (level 2, -2/23 HPs)
             Began as a Barachi Hunter on June 27, 2022.
             Killed from afar by Sigmund (10 damage)
             ... with a puff of flame
             ... on level 2 of the Dungeon.
             The game lasted 00:00:57 (1141 turns).

CrazyBamboolord the Shooter (Barachi Hunter)        Turns: 1141, Time: 00:00:57

Health: -2/23      AC:  3    Str: 12    XL:     2   Next: 58%
Magic:  2/2        EV: 12    Int:  9    God:
Gold:   92         SH:  0    Dex: 15    Spells: 1/1 levels left

rFire   . . .      SeeInvis .   a - +0 shortbow
rCold   . . .      Faith    .   (shield currently unavailable)
rNeg    . . .      Spirit   .   c - +0 leather armour
rPois   .          Reflect  .   (no helmet)
rElec   .          Harm     .   (no cloak)
rCorr   .          Rampage  .   (no gloves)
Will    .....                   (no boots)
Stlth   +.........              (no amulet)
HPRegen 0.07/turn               (no ring)
MPRegen 0.08/turn               (no ring)

@: unable to hop, slow
A: amphibious, slowness 1, strong legs 1, +LOS
a: Hop


You were on level 2 of the Dungeon.
You visited 1 branch of the dungeon, and saw 2 of its levels.

You collected 92 gold pieces.

Inventory:

Hand Weapons
 a - a +0 shortbow (weapon)
Armour
 c - a +0 leather armour (worn)
Scrolls
 b - a scroll of immolation
 e - a scroll of enchant armour {unknown}
 f - a scroll of identify {unknown}
 i - a scroll of poison {unknown}
Potions
 d - a potion of flight {unknown}
 g - a potion of might {unknown}
 h - a potion of degeneration {unknown}
 j - 2 potions of lignification {unknown}


   Skills:
 * Level 2.4 Fighting
 * Level 4.6 Ranged Weapons
 * Level 0.1 Armour
 * Level 2.3 Dodging
 + Level 0.8 Stealth


You had one spell level left.
You didn't know any spells.
Your spell library contained the following spells:

 Spells                   Type           Power      Damage    Failure   Level
 Frozen Ramparts          Ice            0%         1d2       83%         3
 Ice Form                 Ice/Tmut       0%         N/A       99%         4
 Summon Ice Beast         Ice/Summ       0%         N/A       99%         4
 Fireball                 Conj/Fire      0%         3d3       100%        5
 Starburst                Conj/Fire      0%         6d3       100%        6
 Ignition                 Fire           0%         3d3       100%        8


Dungeon Overview and Level Annotations

Branches:
Dungeon (2/15)

Altars:

Annotations:
D:2 Sigmund


Innate Abilities, Weirdness & Mutations

You are amphibious.
You cover ground slowly.
You can hop short distances.
You have an extended range of vision and can be seen from far away.


Message History

Found an escape hatch in the ceiling.
A frilled lizard comes into view.
The frilled lizard hisses angrily.
You shoot an arrow. The arrow hits the frilled lizard.
You kill the frilled lizard!
No target in view!
You see here a frilled lizard corpse.
Found a stone staircase leading down.
No target in view!
Sigmund the Dreaded comes into view.
He is wielding a +0 scythe.
You shoot an arrow. The arrow hits Sigmund.
Sigmund shouts!
Sigmund is lightly wounded.
Sigmund misses you.
Sigmund is nearby!
You shoot an arrow. The arrow barely misses Sigmund.
Sigmund barely misses you.
Sigmund is nearby!
You shoot an arrow. The arrow barely misses Sigmund.
Sigmund hits you from afar with a +0 scythe!
Hop to where?
Press: ? - help, Dir - move target, p - Sigmund Boing!
Sigmund closely misses you.
Your legs are too worn out to hop.
Your legs are too worn out to hop.
You shoot an arrow.
The arrow hits Sigmund but does no damage.
Sigmund hits you but does no damage.
You shoot an arrow. The arrow hits Sigmund.
Sigmund is lightly wounded.
Sigmund closely misses you.
You shoot an arrow. The arrow hits Sigmund.
Sigmund is moderately wounded.
Sigmund hits you from afar with a +0 scythe!
Sigmund gestures wildly while chanting.
Sigmund flickers and vanishes!
Deactivating autopickup; reactivate with Ctrl-A.
A puff of flame appears from out of thin air!
The puff of flame hits you!
You die...

#.# #.# #.# ####.##
#.....# #.##..# #.##..#
#.##..#################
#.{...@..............†.
####..#########.#######
#>.# #.......# #..#
#.#####.# #..# #
#.#####.# #..#
#.#.#...... .....#
#.#.#.###.# #########
..#..# ###.....# #.#
......... ..#..#
......#.#####.#


There were no monsters in sight!

Vanquished Creatures
  A dart slug (D:1)
  2 ball pythons (D:1)
  2 endoplasms (D:1)
  A goblin (D:1)
  A quokka (D:1)
  3 frilled lizards
  2 kobolds (D:1)
  3 rats (D:1)
15 creatures vanquished.

Notes
Turn   | Place    | Note
-------+----------+-------------------------------------------
     0 | D:1      | CrazyBamboolord the Barachi Hunter began the quest for the
                  | Orb.
     0 | D:1      | Reached XP level 1. HP: 17/17 MP: 1/1
   170 | D:1      | Reached XP level 2. HP: 23/23 MP: 2/2
   354 | D:1      | Found a faded altar of an unknown god.
  1121 | D:2      | Noticed Sigmund
  1141 | D:2      | Killed from afar by Sigmund

Illustrated notes

Levels and vault maps discovered:
D:1:      kilobyte_arrival_exit_the_forest, layout_loops_corners,
          ebering_ecumenical_altar_ruins
D:2:      minmay_door_path, layout_basic, uniq_sigmund, uniq_natasha,
          uniq_crazy_yiuf_cottage

Action                   || total
-------------------------++-------
 Fire: Shortbow          ||    37
 Abil: Hop               ||     1
Armor: Leather armour    ||     5
Dodge: Dodged            ||    12

Table legend: (Time is in decaauts)
 A = Elapsed time spent in this place.
 B = Non-inter-level travel time spent in this place.
 C = Inter-level travel time spent in this place.
 D = Time resting spent in this place.
 E = Time spent auto-exploring this place.
 F = Levels seen in this place.
 G = Mean time per level.
                   A        B        C        D        E       F      G
               +--------+--------+--------+--------+--------+-----+--------+
         Total |   1354 |   1308 |     46 |      0 |   1194 |   2 |  677.0 |
       Dungeon |   1354 |   1308 |     46 |      0 |   1194 |   2 |  677.0 |
               +--------+--------+--------+--------+--------+-----+--------+

Top non-repeatable levels by time:
     D:1: 1160 daAuts
     D:2: 193 daAuts
